 Dungeon Crawl Stone Soup version 0.29-a0-1027-gcd8c55af63 (webtiles) character file.

Game seed: 5985519023584309801

907 wingedge the Trooper (level 8, 0/61 HPs)
             Began as a Human Wanderer on Aug 12, 2022.
             Was an Initiate of Gozag.
             Slain by a shadow (25 damage)
             ... on level 5 of the Dungeon.
             The game lasted 00:23:07 (6196 turns).

wingedge the Trooper (Human Wanderer)               Turns: 6196, Time: 00:23:10

Health: 0/61       AC:  4    Str: 13    XL:     8   Next: 29%
Magic:  4/12       EV: 11    Int: 16    God:    Gozag
Gold:   384        SH:  4    Dex: 11    Spells: 7/13 levels left

rFire   . . .      SeeInvis .   d - +2 whip (flame)
rCold   . . .      Faith    .   c - +0 buckler
rNeg    . . .      Spirit   .   e - +0 robe
rPois   .          Reflect  .   (no helmet)
rElec   .          Harm     .   (no cloak)
rCorr   .          Rampage  .   m - +1 pair of gloves
Will    .....                   (no boots)
Stlth   +.........              (no amulet)
HPRegen 0.20/turn               (no ring)
MPRegen 0.13/turn               (no ring)

@: no status effects
A: no striking features
a: Renounce Religion, Potion Petition, Call Merchant, Bribe Branch


You were on level 5 of the Dungeon.
You worshipped Gozag.
Gozag was aware of your devotion.
You visited 2 branches of the dungeon, and saw 6 of its levels.
You also visited: Sewer.

You collected 514 gold pieces.
You spent 48 gold pieces at shops.
You paid 82 gold pieces to Gozag.

Inventory:

Hand Weapons
 d - a +2 whip of flaming (weapon)
 y - a +2 hand axe of holy wrath
Missiles
 b - 2 curare-tipped darts
 f - 28 poisoned darts
 h - a throwing net
Armour
 c - a +0 buckler (worn)
 e - a +0 robe (worn)
 k - a +0 leather armour
 m - a +1 pair of gloves (worn)
Wands
 o - a wand of iceblast (10)
 v - a wand of acid (9)
Scrolls
 g - a scroll of butterflies
 i - a scroll of amnesia {unknown}
 j - 2 scrolls of enchant weapon
 l - a scroll of teleportation
 q - a scroll of brand weapon {unknown}
 r - a scroll of blinking {unknown}
 s - a scroll of fear {unknown}
 t - a scroll of summoning {unknown}
 x - a scroll of poison {unknown}
Potions
 a - 2 potions of flight
 n - 3 potions of attraction
 p - 2 potions of degeneration
 w - a potion of brilliance


   Skills:
 + Level 4.9 Fighting
 - Level 1.0 Maces & Flails
 - Level 3.0 Throwing
 - Level 2.0 Dodging
 - Level 2.0 Shields
 - Level 3.0 Spellcasting
 - Level 4.0 Conjurations
 + Level 0.7 Translocations
 - Level 4.0 Air Magic
 - Level 2.0 Poison Magic
 - Level 1.0 Evocations


You had 7 spell levels left.
You knew the following spells:

 Your Spells              Type           Power      Damage    Failure   Level
a - Shock                 Conj/Air       60%        1d6       4%          1
b - Mephitic Cloud        Conj/Pois/Air  13%        N/A       19%         3
c - Blink                 Tloc           8%         N/A       28%         2

Your spell library contained the following spells:

 Spells                   Type           Power      Damage    Failure   Level
 Freeze                   Ice            8%         1d3       24%         1
 Lesser Beckoning         Tloc           4%         N/A       50%         3
 Frozen Ramparts          Ice            4%         1d1       58%         3
 Hailstorm                Conj/Ice       8%         3d4       71%         4
 Manifold Assault         Tloc           4%         N/A       99%         5


Dungeon Overview and Level Annotations

Branches:
Dungeon (5/15)             Temple (1/1) D:4           Sewer (visited)

Altars:
Dithmenos
Elyvilon
Gozag
Kikubaaqudgha
Vehumet
Xom
Yredelemnul
The Shining One

Shops:
D:1 ?


Message History

Confirm with . or Enter, or press ? or * to list all spells.
Aiming: Shock (safe; 4% risk of failure)
Press: ? - help, Shift-Dir - straight line, f/p - orc wizard
Aim: an orc wizard, wielding a +0 dagger and wearing a +0 robe (heavily wounded, 64% to hit)
The zap hits something.
The zap misses the orc wizard.
The shadow strikes at you from the darkness!
Reactivating autopickup.
Casting: Shock (safe; 4% risk of failure)
Confirm with . or Enter, or press ? or * to list all spells.
Aiming: Shock (safe; 4% risk of failure)
Press: ? - help, Shift-Dir - straight line, f/p - orc wizard
Aim: an orc wizard, wielding a +0 dagger and wearing a +0 robe (heavily wounded, 64% to hit)
The zap misses the shadow.
The zap hits something but does no damage.
The zap misses the orc wizard.
The shadow closely misses you.
Casting: Shock (safe; 4% risk of failure)
Confirm with . or Enter, or press ? or * to list all spells.
Aiming: Shock (safe; 4% risk of failure)
Press: ? - help, Shift-Dir - straight line, f/p - orc wizard
Aim: an orc wizard, wielding a +0 dagger and wearing a +0 robe (heavily wounded, 64% to hit)
The zap hits the shadow but does no damage.
The shadow is severely damaged.
The zap hits something.
The zap hits the orc wizard.
The orc wizard is severely wounded.
The shadow slips into darkness.
The shadow flickers and vanishes!
Deactivating autopickup; reactivate with Ctrl-A.
Okay, then.
Okay, then.
Okay, then.
Casting: Shock (safe; 4% risk of failure)
Confirm with . or Enter, or press ? or * to list all spells.
Aiming: Shock (safe; 4% risk of failure)
Press: ? - help, Shift-Dir - straight line, f/p - orc wizard
Aim: an orc wizard, wielding a +0 dagger and wearing a +0 robe (severely wounded, 64% to hit)
The zap hits the orc wizard.
The orc wizard is almost dead.
The shadow strikes at you from the darkness!
You die...
Your body crumbles into a pile of gold.

#########...#........
.........#.####... #
.##...#..# # #.#< #.
#.......# #.#.
##'###+####<..## #.#.
...............# #.#.
........####...# #.#.
........# ##..# #.#.
.......@# #..# #.#.
.######{# #..# #.
####$#####..#
#..So.....o>#
#.##$######.# # #..
..# #.. .... ....
...... .....W......


You could see an orc wizard and an adder.

Vanquished Creatures
  4 ogres
  2 kobold brigands (Sewer)
  A jelly (D:4)
  A hound (D:4)
  An orc priest (D:5)
  A gnoll bouda (D:4)
  An iguana (D:4)
  An orc wizard (D:4)
  6 adders
  4 gnolls (D:4)
  4 river rats (Sewer)
  An ufetubus (D:4)
  2 worms (D:2)
  3 dart slugs
  12 orcs
  6 endoplasms
  3 giant cockroaches
  12 goblins
  6 hobgoblins
  4 jackals (D:2)
  5 quokkas
  8 ball pythons
  6 bats
  A frilled lizard (D:3)
  14 kobolds
  11 rats
120 creatures vanquished.

Notes
Turn   | Place    | Note
-------+----------+-------------------------------------------
     0 | D:1      | wingedge the Human Wanderer began the quest for the Orb.
     0 | D:1      | wingedge set off with the following items: a +2 dagger, 2
                  | curare-tipped darts, a +0 buckler, a potion of
                  | lignification, a +0 robe; and the following spell
                  | memorised: Shock; and the following spells available to
                  | memorise: Mephitic Cloud.
     0 | D:1      | Reached XP level 1. HP: 13/13 MP: 2/2
    21 | D:1      | You fall into a shaft and drop 1 floor!
   115 | D:1      | Reached skill level 1 in Conjurations
   181 | D:1      | Reached XP level 2. HP: 14/19 MP: 1/3
   728 | D:1      | Found Damoufixta's Magic Scroll Emporium.
   771 | D:1      | Bought a scroll of identify for 24 gold pieces
   777 | D:1      | Bought a scroll of identify for 24 gold pieces
  1143 | D:1      | Found a faded altar of an unknown god.
  1282 | D:2      | Reached XP level 3. HP: 24/24 MP: 2/5
  1805 | D:2      | Reached skill level 1 in Fighting
  1967 | D:2      | Reached XP level 4. HP: 32/32 MP: 4/7
  2621 | D:3      | Reached XP level 5. HP: 37/37 MP: 4/8
  2625 | D:3      | Found a glowing drain.
  2642 | Sewer    | Entered a sewer
  2888 | Sewer    | Noticed a kobold brigand
  2891 | Sewer    | Noticed a kobold brigand
  2917 | Sewer    | Killed a kobold brigand
  2918 | Sewer    | Reached XP level 6. HP: 10/46 MP: 1/9
  3227 | Sewer    | Found a glowing silver altar of Zin.
  3429 | D:3      | Noticed an ogre
  3441 | D:3      | Killed an ogre
  3442 | D:3      | Reached skill level 1 in Maces & Flails
  3442 | D:3      | Reached XP level 7. HP: 42/52 MP: 0/11
  3653 | D:3      | Learned a level 3 spell: Mephitic Cloud
  4137 | D:4      | Found a staircase to the Ecumenical Temple.
  4143 | Temple   | Entered the Ecumenical Temple
  4160 | Temple   | Became a worshipper of Gozag Ym Sagoz the Greedy
  4826 | D:4      | HP: 1/52 [iguana (12)]
  5232 | D:4      | Reached skill level 1 in Poison Magic
  5276 | D:4      | Reached XP level 8. HP: 55/60 MP: 0/12
  5869 | D:5      | Entered Level 5 of the Dungeon
  5918 | D:5      | Learned a level 2 spell: Blink
  5920 | D:5      | Found a glowing golden altar of the Shining One.
  6174 | D:5      | Noticed a shadow
  6196 | D:5      | Slain by a shadow

Illustrated notes

Levels and vault maps discovered:
D:1:      dpeg_arrival_connections, layout_loops_ring,
          hellmonk_ecumenical_altar_defaced_shrine, serial_shops,
          shop_fountains, dreamdust_princess_corridor
D:2:      minmay_general_purpose_star, layout_rooms, wad_floor_pattern_2
D:3:      layout_loops_ring, cheibrodos_sewer_entry_drain, minmay_ogre_servants
D:4:      minmay_spotlight, layout_basic, minmay_temple_entry_gardened_gates,
          nicolae_hexahallways, minivault_24, chequers_serial_rivers_small_a
D:5:      layout_basic, mainiacjoe_overflow_boulevard, lemuel_tele_altar,
          lemuel_crystal_altar
Temple:   chequers_temple_sunken

Skill      XL: |  1  2  3  4  5  6  7  8 |
---------------+-------------------------+-----
Conjurations   | 1 2 3 4 |  4.0
Spellcasting   | 2 3 |  3.0
Fighting       | 1 2 3 4 |  4.9
Dodging        | 2 |  2.0
Air Magic      | 3 4 |  4.0
Maces & Flails | 1 |  1.0
Poison Magic   | 1 2 |  2.0
Throwing       | |  3.0
Shields        | |  2.0
Translocations | |  0.7
Evocations     | |  1.0

Action                   |  1- 3 |  4- 6 |  7- 9 || total
-------------------------+-------+-------+-------++-------
Melee: Dagger            |    19 |       |       ||    19
       Short sword       |    21 |   107 |       ||   128
       Punch             |     1 |     1 |     1 ||     3
       Whip              |       |     3 |    22 ||    25
Throw: Dart              |       |     2 |       ||     2
 Cast: Shock             |    57 |    76 |   112 ||   245
       Mephitic Cloud    |       |       |     3 ||     3
       Blink             |       |       |     4 ||     4
Evoke: Wand              |       |       |     4 ||     4
  Use: Scroll            |     5 |     2 |     2 ||     9
       Potion            |       |     2 |     4 ||     6
 Stab: Sleeping          |     1 |       |     1 ||     2
Armor: Robe              |     7 |    13 |     6 ||    26
       Skin              |       |    59 |       ||    59
Dodge: Dodged            |    20 |    38 |    24 ||    82
Block: Buckler           |     1 |       |     8 ||     9

Table legend: (Time is in decaauts)
 A = Elapsed time spent in this place.
 B = Non-inter-level travel time spent in this place.
 C = Inter-level travel time spent in this place.
 D = Time resting spent in this place.
 E = Time spent auto-exploring this place.
 F = Levels seen in this place.
 G = Mean time per level.
                   A        B        C        D        E       F      G
               +--------+--------+--------+--------+--------+-----+--------+
         Total |   6193 |   6053 |    140 |   1587 |   3323 |   7 |  884.7 |
       Dungeon |   5533 |   5393 |    140 |   1204 |   3221 |   5 | 1106.6 |
        Temple |     32 |     32 |      0 |      0 |      0 |   1 |   32.0 |
         Sewer |    626 |    626 |      0 |    383 |    102 |   1 |  626.0 |
               +--------+--------+--------+--------+--------+-----+--------+

Top non-repeatable levels by time:
     D:4: 1740 daAuts
     D:1: 1226 daAuts
     D:3: 1131 daAuts
     D:2: 1108 daAuts
   Sewer: 626 daAuts
     D:5: 326 daAuts
  Temple: 32 daAuts
